 Dungeon Crawl Stone Soup version 0.16.0-14-g63f578d (console) character file.

1241 gw the Thrower (level 8, -10/70 HPs)
             Began as a Minotaur Hunter on Mar 19, 2015.
             Was an Initiate of Zin (penitent).
             Mangled by an orc warrior
             ... wielding a +0 scimitar
              (11 damage)
             ... on level 6 of the Dungeon.
             The game lasted 00:06:29 (6100 turns).

gw the Thrower (Minotaur Hunter)                    Turns: 6100, Time: 00:06:29

Health: -10/70     AC: 11    Str: 18    XL:     8   Next: 25%
Magic:  3/3        EV:  8    Int:  8    God:    Zin [*]
Gold:   199        SH:  0    Dex: 15    Spells: 0 memorised, 7 levels left

rFire  + . .     SeeInvis .     a - +1 short sword {drain, rF+ Str+2 Dex-2, forbidden} (curse)
rCold  . . .     Clarity  .     t - +0 chain mail
rNeg   . . .     SustAb   .     (no shield)
rPois  .         Gourm    .     (helmet restricted)
rElec  .         Spirit   .     d - +0 cloak (curse)
rCorr  .         Warding  .     (no gloves)
rMut   .         Stasis   .     (no boots)
MR     .....                    (no amulet)
Stlth  ..........               (no ring)
                                l - +3 ring of dexterity

@: not resistant to hostile enchantments, extremely unstealthy
A: retaliatory headbutt, horns 2
a: Renounce Religion


You were on level 6 of the Dungeon.
You worshipped Zin.
Zin was demanding penance.
You were near starving.

You visited 1 branch of the dungeon, and saw 6 of its levels.

You collected 221 gold pieces.
You donated 22 gold pieces to Zin.

Inventory:

Hand weapons
 a - the cursed +1 short sword of Ynnaol (weapon) {drain, rF+ Str+2 Dex-2, forbidden}
   (You found it on level 4 of the Dungeon)

   A truly terrible weapon, it drains the life of those it strikes.
   It affects your strength (+2).
   It affects your dexterity (-2).
   It protects you from fire.
   It has a curse placed upon it.
   Zin opposes the use of such an evil item.
 b - a +0 morningstar
Missiles
 c - 2 throwing nets
 e - 50 poisoned needles
 h - 67 stones
 i - 3 tomahawks (quivered)
Armour
 d - a cursed +0 cloak (worn)
 t - a +0 chain mail (worn)
Jewellery
 l - a +3 ring of dexterity (left hand)
Scrolls
 m - 7 scrolls of identify
 o - 2 scrolls of amnesia
 q - a scroll of recharging
Potions
 p - 3 potions of curing
Comestibles
 f - 3 bread rations
 g - 6 meat rations
 j - a fruit
 k - a beef jerky


   Skills:
 + Level 5.9 Fighting
 + Level 3.1 Maces & Flails
 * Level 8.1 Throwing
 + Level 5.2 Armour
 - Level 2.1 Dodging
 - Level 0.7 Stealth


You had 7 spell levels left.
You didn't know any spells.

Dungeon Overview and Level Annotations

Branches:
Dungeon (6/15)             Temple (0/1) D:5

Altars:
Ashenzari
Gozag
Zin


Innate Abilities, Weirdness & Mutations

You reflexively headbutt those who attack you in melee.
You have a pair of horns on your head.


Message History

The orc priest is severely wounded.
The orc warrior hits you with a mace! Zin protects you from harm!
The orc warrior barely misses you.
The orc wizard mumbles some strange words.
The orc wizard blinks!
The orc priest calls down the wrath of Beogh upon you.
You struggle to resist.
Unknown command.
Unknown command.
Unknown command.
Unknown command.
ATTACK MOVE TO (-1,0)
You completely miss the orc priest. You headbutt the orc priest.
The orc priest is severely wounded.
The orc hits you but does no damage. The orc warrior hits you with a mace.
The orc wizard mumbles some strange words.
The orc wizard blinks!
The orc hits you with a hand axe.
The orc warrior hits you with a scimitar!
You die...

##.## #.# #.# #.#
#.# # #.# ...####
#.# #...!.)##.#
#>...oHoo#
.......ooo........
.....ยค...#######
.......$.#
.#......##
o....... ....#.#
...... .$.


You could see 2 orc warriors, an orc priest, an orc wizard and 3 orcs.

Table legend:
 A = Turns spent in this place as a percentage of turns spent in the entire game.
 B = Non-inter-level travel turns spent in this place as a percentage of non-inter-level travel turns spent in the entire game.
 C = Inter-level travel turns spent in this place as a percentage of turns spent in this place.
 D = Turns resting spent in this place as a percentage of non-inter-level travel turns spent in this place.
 E = Turns spent auto-exploring this place as a percentage of non-inter-level travel turns spent in this place.
 F = Non-inter-level travel turns spent in this place divided by the number of levels of this place that you've seen.
                   A       B       C       D       E      F
               +-------+-------+-------+-------+-------+----------------------
         Total | 100.0 | 100.0 |   0.4 |   0.8 |   2.5 | 1359.0
       Dungeon | 100.0 | 100.0 |   0.4 |   0.8 |   2.5 | 1359.0
               +-------+-------+-------+-------+-------+----------------------

Table legend:
 A = Kills in this place as a percentage of kills in entire the game.
 B = Kills by you in this place as a percentage of kills by you in the entire game.
 C = Kills by friends in this place as a percentage of kills by friends in the entire game.
 D = Other kills in this place as a percentage of other kills in the entire game.
 E = Experience gained in this place as a percentage of experience gained in the entire game.
 F = Experience gained in this place divided by the number of levels of this place that you have seen.
                   A       B       C       D       E      F
               +-------+-------+-------+-------+-------+----------------------
         Total | 100.0 | 100.0 |  -nan |  -nan | 100.0 | 295.7
       Dungeon | 100.0 | 100.0 |  -nan |  -nan | 100.0 | 295.7
               +-------+-------+-------+-------+-------+----------------------

Vanquished Creatures
  Menkaure (D:6)
  2 ogres
  A crocodile (D:5)
  An ice beast (D:5)
  Blork the orc (D:6)
  2 hounds
  2 jellies (D:5)
  5 orc priests
  Crazy Yiuf (D:3)
  2 worker ants (D:4)
  2 iguanas (D:5)
  3 orc wizards
  Natasha (thrice) (D:3)
  Ijyb (D:3)
  Jessica (D:3)
  8 adders
  A white imp (D:3)
  2 worms
  An adder skeleton (D:4)
  10 giant geckos
  3 oozes
  20 orcs
  3 bats
  4 giant cockroaches
  7 goblins
  9 hobgoblins
  7 jackals (D:3)
  9 kobolds
  A quokka (D:3)
  A ball python (D:5)
  2 giant newts
  7 rats
123 creatures vanquished.

Notes
Turn   | Place    | Note
--------------------------------------------------------------
     0 | D:1      | gw, the Minotaur Hunter, began the quest for the Orb.
     0 | D:1      | Reached XP level 1. HP: 18/18 MP: 1/1
   218 | D:1      | Reached XP level 2. HP: 25/25 MP: 1/1
   454 | D:1      | Reached skill level 1 in Armour
  1002 | D:2      | Reached XP level 3. HP: 28/30 MP: 2/2
  1662 | D:3      | Reached XP level 4. HP: 9/40 MP: 2/2
  1986 | D:3      | Reached skill level 5 in Throwing
  2050 | D:3      | Reached XP level 5. HP: 26/46 MP: 2/2
  2192 | D:3      | Noticed Jessica
  2194 | D:3      | Killed Jessica
  2482 | D:3      | Noticed Natasha
  2491 | D:3      | Killed Natasha
  2767 | D:3      | Noticed Crazy Yiuf
  2775 | D:3      | Killed Crazy Yiuf
  2951 | D:3      | Noticed Natasha
  2952 | D:3      | Noticed Ijyb
  2956 | D:3      | Killed Natasha
  2956 | D:3      | Reached XP level 6. HP: 52/52 MP: 3/3
  2972 | D:3      | Killed Ijyb
  2972 | D:3      | Reached skill level 6 in Throwing
  3101 | D:3      | Noticed Natasha
  3101 | D:3      | Killed Natasha
  3129 | D:3      | Found a glowing silver altar of Zin.
  3129 | D:3      | Found an opulent altar of Gozag.
  3134 | D:3      | Became a worshipper of Zin the Law-Giver
  3134 | D:3      | Acquired Zin's first power
  3854 | D:4      | Got a crude short sword
  3857 | D:4      | Identified the cursed +1 short sword of Ynnaol {drain, rF+ Str+2 Dex-2} (You found it on level 4 of the Dungeon)
  3876 | D:4      | Was placed under penance by Zin
  4458 | D:5      | Entered Level 5 of the Dungeon
  4464 | D:5      | Was forgiven by Zin
  4506 | D:5      | Reached XP level 7. HP: 57/60 MP: 3/3
  4575 | D:5      | Was placed under penance by Zin
  4575 | D:5      | Reached skill level 1 in Maces & Flails
  4677 | D:5      | Found a staircase to the Ecumenical Temple.
  4680 | D:5      | Reached skill level 5 in Fighting
  4809 | D:5      | Reached skill level 7 in Throwing
  5262 | D:5      | Found a shattered altar of Ashenzari.
  5614 | D:6      | Noticed Menkaure
  5625 | D:6      | Killed Menkaure
  5625 | D:6      | Reached skill level 5 in Armour
  5625 | D:6      | Reached XP level 8. HP: 6/70 MP: 3/3
  5699 | D:6      | Reached skill level 8 in Throwing
  6001 | D:6      | Noticed Blork the orc
  6009 | D:6      | Killed Blork the orc
  6097 | D:6      | Zin protects you from harm!
  6099 | D:6      | Zin protects you from harm!
  6100 | D:6      | HP: 2/70 [orc warrior/mace (3)]
  6100 | D:6      | Mangled by an orc warrior

Action                   |  1- 3 |  4- 6 |  7- 9 || total
-------------------------+-------+-------+-------++-------
Melee: Short sword       |    26 |   107 |    69 ||   202
Throw: Javelin           |    56 |    32 |     3 ||    91
       Stone             |     5 |    69 |    85 ||   159
  Use: Scroll            |     7 |     1 |     2 ||    10
       Potion            |     4 |     4 |     3 ||    11
  Eat: Chunk             |     2 |     8 |     4 ||    14

Vault maps used:
D:1:      shiori_shiawase
D:3:      grunt_temple_overflow_gold_and_silver, first_bread,
          portal_sewer_entry_f, minmay_misc_feat_rows, uniq_jessica,
          uniq_crazy_yiuf_cottage, uniq_iyjb, uniq_natasha
D:4:      minmay_distorted
D:5:      nicolae_overflow_hidden_temple, minmay_temple_entry_mist,
          cheibrodos_ashenzari_chains
D:6:      lemuel_slime, nicolae_ru_awakened_eye, uniq_menkaure,
          uniq_blork_the_orc
